 Dungeon Crawl Stone Soup version 0.28-a0-1130-gc51a68064b (webtiles) character file.

Game seed: 16108949850996651339

42 SensoryNuts the Slasher (level 3, 0/27 HPs)
             Began as a Demonspawn Gladiator on Dec 12, 2021.
             Succumbed to a kobold's poison
             ... on level 4 of the Dungeon.
             The game lasted 00:01:48 (1680 turns).

SensoryNuts the Slasher (Demonspawn Gladiator)      Turns: 1680, Time: 00:01:49

Health: 0/27       AC:  5    Str: 16    XL:     3   Next: 33%
Magic:  3/3        EV: 12    Int:  9    God:
Gold:   49         SH:  0    Dex: 14    Spells: 2/2 levels left

rFire   . . .      SeeInvis .   a - +0 long sword
rCold   . . .      Faith    .   (no shield)
rNeg    . . .      Spirit   .   b - +0 leather armour
rPois   .          Reflect  .   e - +1 helmet
rElec   .          Harm     .   (no cloak)
rCorr   .          Rampage  .   (no gloves)
Will    .....                   (no boots)
Stlth   +.........              (no amulet)
HPRegen 0.09/turn               (no ring)
MPRegen 0.08/turn               (no ring)

@: lethally poisoned (0 -> -10)
A: spiny 1
a: no special abilities


You were on level 4 of the Dungeon.
You visited 1 branch of the dungeon, and saw 3 of its levels.

You collected 49 gold pieces.

Inventory:

Hand Weapons
 a - a +0 long sword (weapon)
Missiles
 d - 3 throwing nets (quivered)
Armour
 b - a +0 leather armour (worn)
 c - a +0 helmet
 e - a +1 helmet (worn)
Jewellery
 j - a ring of see invisible
 l - a ring of fire
Scrolls
 g - a scroll of identify {unknown}
 h - a scroll of immolation {unknown}
 i - a scroll of teleportation {unknown}
 m - a scroll of holy word {unknown}
Potions
 f - a potion of mutation {unknown}
 k - a potion of ambrosia {unknown}


   Skills:
 + Level 2.2 Fighting
 + Level 3.3 Long Blades
 + Level 2.0 Throwing
 + Level 0.1 Armour
 + Level 3.0 Dodging
 + Level 0.9 Stealth


You had 2 spell levels left.
You didn't know any spells.
Your spell library was empty.

Dungeon Overview and Level Annotations

Branches:
Dungeon (2/15)

Altars:


Innate Abilities, Weirdness & Mutations

You are partially covered in sharp spines.


Message History

You are frozen.
Things that are here:
a +0 dagger; a goblin corpse You slash the endoplasm!
You kill the endoplasm!
A bullfrog skeleton comes into view.
You slash the gnoll!
The gnoll is severely wounded.
The gnoll hits you from afar with a +0 halberd!
The gnoll hits you with a +0 club.
The kobold throws a poisoned dart.
The poisoned dart hits you!
You are poisoned.
You hit the gnoll.
The gnoll is almost dead.
You feel very sick. The gnoll hits you with a +0 club. The gnoll misses you.
You are too injured to fight recklessly!
You are too injured to fight recklessly!
You are too injured to fight recklessly!
You are too injured to fight recklessly!
You are too injured to fight recklessly!
You are too injured to fight recklessly!
You are too injured to fight recklessly!
You are too injured to fight recklessly!
You are too injured to fight recklessly!
You are too injured to fight recklessly!
Unknown command.
* * * LOW HITPOINT WARNING * * *
You feel sick.
* * * LOW HITPOINT WARNING * * *
You feel sick.
You see here a +0 cloak.
* * * LOW HITPOINT WARNING * * *
You feel sick.
* * * LOW HITPOINT WARNING * * *
You feel sick.
The kobold throws a poisoned dart.
The poisoned dart hits you!
You are lethally poisoned!
* * * LOW HITPOINT WARNING * * *
You feel very sick.
You die...

# .........##.##########.
..##.##.##.#...#########.
#.......................#
##.##.##.##.#.............
###)..#.##.##.##.#######.#.#
#...........#.##.# ###.#
#.#.>.#.###.#.##.# #)#
........# #.#....# #.#
#######.# #@#..### #.# #.#
#.#..# #.# #.###.#..# #.#
#........#### #.#
#....Kg...... #..
#..##..###.## ### #....gg# #
.....##Z.# ....#......


You could see 3 gnolls, a kobold and a bullfrog skeleton.

Vanquished Creatures
  An adder (D:2)
  A dart slug (D:1)
  2 endoplasms
  A giant cockroach (D:1)
  4 goblins
  3 hobgoblins (D:1)
  4 jackals (D:1)
  3 ball pythons (D:1)
  A bat (D:2)
  5 kobolds
  2 rats (D:1)
27 creatures vanquished.

Notes
Turn   | Place    | Note
-------+----------+-------------------------------------------
     0 | D:1      | SensoryNuts the Demonspawn Gladiator began the quest for
                  | the Orb.
     0 | D:1      | Reached XP level 1. HP: 16/16 MP: 1/1
   155 | D:1      | Gained mutation: You are partially covered in sharp spines.
                  | [demonic ancestry]
   155 | D:1      | Reached XP level 2. HP: 22/22 MP: 2/2
   527 | D:1      | Found a faded altar of an unknown god.
  1468 | D:2      | Reached XP level 3. HP: 27/27 MP: 3/3
  1587 | D:2      | You fall into a shaft and drop 2 floors!
  1680 | D:4      | Succumbed to a kobold's poison

Illustrated notes

Levels and vault maps discovered:
D:1:      beargit_arrival_greenhouse, layout_loops_corners,
          ebering_ecumenical_altar_petrified, solitary_fountain,
          grunt_decor_clamped, hex_large
D:2:      layout_basic
D:4:      layout_loops_ring, nicolae_stop_n_shop_2, uniq_blork_the_orc

Skill      XL: |  1  2 |
---------------+-------+-----
Throwing       | 2 |  2.0
Long Blades    | 3 |  3.3
Dodging        | 3 |  3.0
Fighting       | |  2.2
Armour         | |  0.1
Stealth        | |  0.9

Action                   || total
-------------------------++-------
Melee: Long sword        ||    55
 Stab: Sleeping          ||     3
Armor: Leather armour    ||    13
Dodge: Dodged            ||    33

Table legend: (Time is in decaauts)
 A = Elapsed time spent in this place.
 B = Non-inter-level travel time spent in this place.
 C = Inter-level travel time spent in this place.
 D = Time resting spent in this place.
 E = Time spent auto-exploring this place.
 F = Levels seen in this place.
 G = Mean time per level.
                   A        B        C        D        E       F      G
               +--------+--------+--------+--------+--------+-----+--------+
         Total |   1692 |   1692 |      0 |      0 |   1294 |   3 |  564.0 |
       Dungeon |   1692 |   1692 |      0 |      0 |   1294 |   3 |  564.0 |
               +--------+--------+--------+--------+--------+-----+--------+

Top non-repeatable levels by time:
     D:1: 1432 daAuts
     D:2: 166 daAuts
     D:4: 93 daAuts
